 Dungeon Crawl Stone Soup version 0.19.1-1-g22dce08 (webtiles) character file.

273733 Gorglomux the Slayer (level 20, -18/144 HPs)
             Began as a Gargoyle Fighter on Dec 30, 2016.
             Was the Champion of Trog.
             Killed from afar by an ogre mage (45 damage)
             ... with a crystal spear
             ... led by an ironheart preserver
             ... on level 2 of the Vaults.
             The game lasted 01:53:19 (38477 turns).

Gorglomux the Slayer (Gargoyle Fighter)            Turns: 38477, Time: 01:53:20

Health: -18/144    AC: 40    Str: 31    XL:     20   Next: 29%
Magic:  6/6        EV:  8    Int: 14    God:    Trog [******]
Gold:   2640       SH: 11    Dex: 15    Spells: 0 memorised, 19 levels left

rFire  + . .     SeeInvis .     G - +4 demon whip (antimagic)
rCold  + + .     Gourm    .     a - +0 plate armour
rNeg   + . .     Faith    .     z - +0 buckler "Noucigh" {rC+ Int+2 Dex+3 Slay+3}
rPois  ∞         Spirit   .     r - +0 hat {MR+}
rElec  +         Reflect  +     F - +0 cloak {+Inv}
rCorr  +         Harm     .     B - +2 pair of gloves {Str+3}
MR     +++++                    i - +0 pair of boots of Nuiph {rElec rF+ Str+3 Dex+2}
Stlth  ..........               H - +2 amulet of reflection
                                o - ring of resist corrosion
                                y - ring of protection from magic

@: exhausted, flying, starving, regenerating, slowed, very slow
A: big wings, cold resistance 1, negative energy resistance 1, electricity
resistance, unbreathing, petrification resistance, rot immunity, AC +15
a: Stop Flying, Berserk, Trog's Hand, Brothers in Arms, Burn Spellbooks,
Renounce Religion, Evoke Invisibility
}: 2/15 runes: decaying, serpentine


You were on level 2 of the Vaults.
You worshipped Trog.
Trog was exalted by your worship.
You were starving.

You visited 7 branches of the dungeon, and saw 34 of its levels.
You also visited: Trove, Ossuary and Ice Cave.

You collected 3935 gold pieces.
You spent 1295 gold pieces at shops.

Inventory:

Hand Weapons
 G - a +4 antimagic demon whip (weapon)
Armour
 a - a +0 plate armour (worn)
 i - the +0 pair of boots of Nuiph (worn) {rElec rF+ Str+3 Dex+2}
   (You found it on level 4 of the Snake Pit)

   It affects your strength (+3).
   It affects your dexterity (+2).
   It protects you from fire.
   It insulates you from electricity.
 r - a +0 hat of magic resistance (worn)
 z - the +0 buckler "Noucigh" (worn) {rC+ Int+2 Dex+3 Slay+3}
   (You acquired it on level 2 of the Snake Pit)

   It affects your intelligence (+2).
   It affects your dexterity (+3).
   It affects your accuracy and damage with ranged weapons and melee attacks
   (+3).
   It protects you from cold.
 B - a +2 pair of gloves of strength (worn)
 F - a +0 cloak of invisibility (worn)
Jewellery
 o - a ring of resist corrosion (right hand)
 y - a ring of protection from magic (left hand)
 H - a +2 amulet of reflection (around neck)
 X - an uncursed ring of protection from fire
Wands
 l - a wand of lightning (11/15)
 p - a wand of iceblast (2/15)
 t - a wand of acid (12/15)
 w - a wand of iceblast (6/15)
 J - a wand of acid (4/15)
 T - a wand of iceblast (6/15)
Scrolls
 e - 13 scrolls of remove curse
 h - 9 scrolls of teleportation
 j - 9 scrolls of identify
 k - 4 scrolls of recharging
 m - 4 scrolls of fear
 s - 2 scrolls of magic mapping
 u - 5 scrolls of blinking
 M - a scroll of brand weapon
 O - 8 scrolls of enchant armour
 P - 2 scrolls of fog
 V - a scroll of enchant weapon
 W - a scroll of holy word
Potions
 d - 12 potions of might
 g - 8 potions of agility
 n - 4 potions of magic
 q - 13 potions of brilliance
 v - 6 potions of flight
 A - 19 potions of curing
 C - 5 potions of ambrosia
 I - 4 potions of berserk rage
 K - 6 potions of heal wounds
 Q - 3 potions of haste
 R - 2 potions of cancellation
 S - 2 potions of resistance
 Y - 2 potions of invisibility
Miscellaneous
 L - 3 sacks of spiders
Comestibles
 b - a slice of pizza
 f - 17 bread rations
 x - 13 fruits
 D - 12 meat rations
 E - 12 royal jellies
 N - 21 beef jerkies


   Skills:
 + Level 21.3 Fighting
 - Level 16.1 Maces & Flails
 + Level 18.2 Armour
 + Level 18.5 Shields


You had 19 spell levels left.
You didn't know any spells.

Dungeon Overview and Level Annotations

Branches:
Dungeon (15/15)            Temple (1/1) D:5            Lair (6/6) D:8
  Swamp (4/4) Lair:4        Snake (4/4) Lair:3        Slime (0/5) Lair:5
    Orc (2/2) D:11            Elf (0/3) Orc:2        Vaults (2/5) D:14
 Depths (0/5) D:15
  Crypt: Vaults:2-3

Altars:
Cheibriados
Hepliaklqana
Qazlal
Sif Muna
Trog
The Shining One
Beogh
Jiyva

Shops:
D:6 !   D:7 }   D:15 =   Orc:2 (=(*[   Snake:1 ***(   Snake:2 (   Vaults:2 =

Annotations:
D:5 exclusion: door


Innate Abilities, Weirdness & Mutations

You are resistant to torment.
Your stone body is resilient. (AC +15)
You are immune to poison.
Your large and strong wings let you fly indefinitely.
You resist negative energy. (rN+)
You are resistant to electric shocks. (rElec)
You can survive without breathing.
You are immune to petrification.
You are immune to rotting.
Your flesh is cold resistant. (rC+)


Message History

You block the ogre's attack.
You barely miss the vault guard.
The vault guard is severely wounded.
The two-headed ogre hits you but does no damage.
The two-headed ogre barely misses you.
The vault guard hits you with a halberd.
* * * LOW HITPOINT WARNING * * *
You block the ogre's attack.
The ogre mage hits you but does no damage.
You hit the vault guard.
The vault guard is severely wounded.
You block the ogre's attack.
You block the two-headed ogre's attack. x2
The vault guard hits you but does no damage.
You whack the vault guard!
The vault guard is almost dead.
The ogre hits you with a giant club.
* * * LOW HITPOINT WARNING * * *
The ogre mage gestures at you while chanting.
The crystal spear hits you!
You die...

......#...Z...#
......#.......#
......#.......#
#######..(....#
..............#
##########....############
.........#....).).........
.<.......#.....OO..)......
)..#####.#....ZO@p........
.(...#...#.....O..........
.....#...#.######+########
.>.#.#.#.#.# .........#.#
######)###.# ...........#
...........# ...........#


You could see a vault guard, an ogre mage, a two-headed ogre, 2 ogres and a
sphinx zombie.

Vanquished Creatures
  Rupert (Lair:6)
  2 thorn hunters (Swamp:4)
  Frances (Swamp:2)
  The ghost of Thomus the Executioner, an adept HOFi of Okawaru (Swamp:2)
  Kirke (Lair:5)
  Donald (Vaults:2)
  14 nagarajas
  2 orc warlords
  3 vault wardens
  4 very ugly things
  3 stone giants
  5 ironheart preservers
  An entropy weaver (Vaults:1)
  A crystal guardian (Vaults:2)
  An ettin (shapeshifter) (Vaults:1)
  Josephine (Lair:6)
  A great orb of eyes (Vaults:2)
  A yaktaur captain (Vaults:1)
  Erolcha (D:13)
  20 hydras
  2 ice dragons
  8 vault guards
  5 centaur warriors (D:14)
  17 naga warriors
  5 catoblepae
  9 alligators
  2 death knights (Vaults:1)
  5 ogre magi
  10 anacondas
  14 death yaks
  The ghost of Vojta the Grappler, a novice DrTm of Yredelemnul (D:10)
  2 deep troll earth magi (Vaults:1)
  4 orc high priests (Orc:2)
  The ghost of Squonk the Grappler, a novice DrTm of Qazlal (D:9)
  8 shock serpents
  11 naga sharpshooters
  A deep elf knight (D:14)
  A skeletal warrior (Vaults:1)
  5 salamander mystics
  3 unseen horrors
  A glowing orange brain (Vaults:1)
  A spriggan druid (Swamp:4)
  A deep troll (Vaults:1)
  4 wizards
  5 shambling mangroves
  3 harpies (Vaults:1)
  13 swamp dragons
  2 hill giants
  A deep elf archer (Vaults:2)
  7 orc knights
  A phantasmal warrior (Vaults:1)
  5 ironbrand convokers
  11 deep elf magi
  A necromancer (Vaults:1)
  A wolf spider zombie (D:14)
  8 mana vipers
  8 naga ritualists
  A harpy (shapeshifter) (Vaults:1)
  28 ugly things
  3 wolf spiders (Vaults:1)
  9 orc sorcerers
  A stone giant zombie (Vaults:1)
  13 salamanders
  A manticore (D:12)
  5 cyclopes
  Maurice (D:11)
  17 spiny frogs
  2 vault sentinels (Vaults:1)
  35 black mambas
  14 guardian serpents
  5 centaur skeletons (D:14)
  The ghost of Mesmaeker13 the Stinger, a novice KoVM (D:5)
  19 naga magi
  3 torpor snails
  2 gargoyles
  3 komodo dragons
  2 freezing wraiths
  4 rime drakes
  7 yaktaurs (Vaults:1)
  A kobold demonologist (D:12)
  A tengu conjurer (D:14)
  A jumping spider (Vaults:1)
  4 tyrant leeches
  16 hornets
  8 trolls
  A troll (shapeshifter) (D:15)
  Prince Ribbit (D:5)
  14 blink frogs
  8 bog bodies
  15 slime creatures
  17 two-headed ogres
  9 hippogriffs
  6 spriggans
  9 wraiths
  2 tarantellas (Vaults:1)
  7 wyverns
  45 yaks
  3 shadows
  A redback (Vaults:1)
  4 basilisks
  A yak (shapeshifter) (Vaults:1)
  A hungry ghost (D:6)
  A steam dragon (D:11)
  14 vampire mosquitoes
  3 hogs (Lair:5)
  4 wargs
  2 mottled dragons
  A soldier ant (D:11)
  27 swamp worms
  12 water moccasins
  5 porcupines
  10 insubstantial wisps
  An ogre skeleton (Vaults:1)
  53 nagas
  Duvessa (D:6)
  2 hell hounds (D:8)
  15 swamp drakes
  A black bear (shapeshifter) (Vaults:2)
  A sky beast (D:15)
  11 ice beasts
  3 necrophages
  49 orc warriors
  2 phantoms
  2 boggarts (Vaults:2)
  23 wolves
  32 ogres
  15 centaurs
  Blork the orc (D:4)
  7 crocodiles
  3 big kobolds
  A human skeleton (Vaults:1)
  2 gnoll sergeants
  16 bullfrogs
  3 scorpions
  4 killer bees (D:10)
  An orc simulacrum (Vaults:1)
  Dowan (D:6)
  3 howler monkeys
  4 electric eels
  8 crimson imps
  A bullfrog zombie (D:5)
  2 centaur zombies
  4 quasits
  5 human zombies (Ossuary)
  8 hounds
  35 orc wizards
  22 orc priests
  Crazy Yiuf (D:3)
  3 jellies
  4 iguanas
  10 worker ants
  A big kobold zombie (Ossuary)
  A hound zombie (Ossuary)
  3 mummies (Ossuary)
  13 gnolls
  2 howler monkey skeletons
  16 adders
  6 shadow imps
  An ooze (D:2)
  7 adder zombies
  4 worms
  A dart slug (D:3)
  5 leopard geckos
  133 orcs
  5 giant cockroaches
  3 goblins
  6 hobgoblins
  18 jackals
  3 quokkas
  8 bats
  4 frilled lizards
  3 gnoll zombies (Ossuary)
  5 goblin zombies
  2 hobgoblin zombies (Ossuary)
  3 jackal zombies (Ossuary)
  28 kobolds
  5 kobold zombies (Ossuary)
  A leopard gecko skeleton (D:4)
  3 orc zombies (Ossuary)
  5 quokka zombies
  12 rats
  A briar patch (Swamp:4)
  A fungus (D:3)
1351 creatures vanquished.

Vanquished Creatures (collateral kills)
  4 nagarajas (Snake:4)
  A shock serpent (Snake:4)
  A deep elf mage (D:14)
  A black mamba (Snake:4)
  2 guardian serpents (Snake:4)
  A rime drake (shapeshifter) (D:14)
  A centaur skeleton (D:14)
  A necrophage (D:14)
12 creatures vanquished.

Vanquished Creatures (others)
  A naga ritualist (Snake:4)
  A cyclops (D:15)
  A naga mage (Snake:4)
  A yaktaur (D:14)
  3 hornets
  A spriggan (Swamp:2)
  An orc warrior (Orc:2)
  2 centaurs (D:14)
  An orc priest (Orc:2)
  An orc wizard (D:5)
  An orc (Orc:1)
  3 briar patches (Swamp:4)
  16 fungi
  5 plants
38 creatures vanquished.

Grand Total: 1401 creatures vanquished

Notes
Turn   | Place    | Note
-------+----------+-------------------------------------------
     0 | D:1      | Gorglomux the Gargoyle Fighter began the quest for the Orb.
     0 | D:1      | Reached XP level 1. HP: 14/14 MP: 1/1
   119 | D:1      | Reached XP level 2. HP: 16/19 MP: 2/2
   332 | D:1      | Reached XP level 3. HP: 19/24 MP: 3/3
   712 | D:2      | Reached skill level 4 in Fighting
   848 | D:2      | Reached XP level 4. HP: 29/29 MP: 4/4
   883 | D:2      | Found a faded altar of an unknown god.
   883 | D:2      | Found a faded altar of an unknown god.
   888 | D:2      | Found a faded altar of an unknown god.
   890 | D:2      | Found a faded altar of an unknown god.
   892 | D:2      | Found a bloodstained altar of Trog.
   895 | D:2      | Became a worshipper of Trog the Wrathful
  1616 | D:3      | Reached * piety under Trog
  1696 | D:3      | Found a snail-covered altar of Cheibriados.
  1708 | D:3      | Reached XP level 5. HP: 32/34 MP: 5/5
  1801 | D:3      | Found a hazy altar of Hepliaklqana.
  2002 | D:3      | Found a runed door.
  2006 | D:3      | Noticed Crazy Yiuf
  2015 | D:3      | Killed Crazy Yiuf
  2210 | D:4      | Noticed Blork the orc
  2224 | D:4      | Killed Blork the orc
  2224 | D:4      | Reached skill level 5 in Fighting
  2224 | D:4      | Reached skill level 5 in Maces & Flails
  2224 | D:4      | Reached XP level 6. HP: 40/40 MP: 6/6
  2713 | D:4      | Found a stormy altar of Qazlal.
  2847 | D:4      | Reached XP level 7. HP: 36/44 MP: 7/7
  2992 | D:5      | Entered Level 5 of the Dungeon
  2992 | D:5      | Found a deep blue altar of Sif Muna.
  2995 | D:5      | Noticed Mesmaeker13's ghost (novice KoVM)
  3013 | D:5      | Killed Mesmaeker13's ghost
  3013 | D:5      | Reached skill level 6 in Fighting
  3151 | D:5      | Found a staircase to the Ecumenical Temple.
  3200 | D:5      | Reached XP level 8. HP: 38/52 MP: 8/8
  3235 | D:5      | Noticed Prince Ribbit
  3273 | D:5      | Killed Prince Ribbit
  3607 | D:5      | Reached skill level 7 in Fighting
  3616 | D:5      | Reached ** piety under Trog
  3850 | Temple   | Entered the Ecumenical Temple
  4029 | D:6      | Found Rimynapt's Distillery.
  4042 | D:6      | Bought a potion of heal wounds for 65 gold pieces
  4042 | D:6      | Bought a potion of curing for 39 gold pieces
  4042 | D:6      | Bought a potion of heal wounds for 65 gold pieces
  4044 | D:6      | Noticed Duvessa
  4044 | D:6      | Noticed Dowan
  4056 | D:6      | Killed Dowan
  4062 | D:6      | Killed Duvessa
  4095 | D:6      | Reached XP level 9. HP: 54/58 MP: 9/9
  4823 | D:6      | Reached skill level 8 in Fighting
  4945 | D:7      | Reached skill level 10 in Maces & Flails
  5222 | D:7      | Found Umehuqavugh's Gadget Shoppe.
  5860 | D:8      | Reached *** piety under Trog
  6082 | D:8      | Reached skill level 9 in Fighting
  6187 | D:8      | Found a staircase to the Lair.
  6267 | D:8      | Reached XP level 10. HP: 11/66 MP: 10/10
  6303 | D:8      | Found a sand-covered staircase.
  6324 | Ossuary  | Entered an ossuary
  6534 | Ossuary  | Reached **** piety under Trog
  7270 | D:9      | Noticed Squonk's ghost (novice DrTm)
  7300 | D:9      | HP: 2/67 [Squonk's ghost/bolt of negative energy (16)]
  7307 | D:9      | Killed Squonk's ghost
  7307 | D:9      | Reached skill level 10 in Fighting
  8150 | D:10     | Entered Level 10 of the Dungeon
  8222 | D:10     | Killed an unseen horror
  8489 | D:10     | Reached XP level 11. HP: 60/73 MP: 11/11
  8569 | D:10     | Noticed Vojta's ghost (novice DrTm)
  8613 | D:10     | Killed Vojta's ghost
  8826 | D:10     | Found a portal to a secret trove of treasure.
  8829 | D:10     | You paid a toll of 2 potions of cure mutation to enter a treasure trove
  8830 | Trove    | Entered a treasure trove
  8961 | D:10     | Reached skill level 11 in Fighting
  9555 | Lair:1   | Entered Level 1 of the Lair of Beasts
 10558 | Lair:2   | Noticed a catoblepas
 10568 | Lair:2   | Killed a catoblepas
 10667 | Lair:2   | Reached skill level 12 in Fighting
 10692 | Lair:2   | Reached XP level 12. HP: 62/81 MP: 12/12
 10706 | Lair:2   | Reached skill level 15 in Maces & Flails
 10869 | Lair:2   | Found a frozen archway.
 10882 | IceCv    | Entered an ice cave
 11610 | Lair:2   | Got a vibrating platinum amulet
 11612 | Lair:2   | Identified the amulet "Maf Hokk" {Harm *Drain Fragile rPois rF++ Int+4 Stlth-} (You found it on level 2 of the Lair of Beasts)
 11900 | Lair:3   | Found a staircase to the Snake Pit.
 11947 | Lair:3   | Received a gift from Trog
 12848 | Lair:4   | Reached skill level 13 in Fighting
 12959 | Lair:4   | Found a staircase to the Swamp.
 13383 | Lair:4   | Noticed a death yak
 13400 | Lair:4   | Killed a death yak
 13677 | Lair:5   | Gained mutation: Your flesh is cold resistant. (rC+) [potion of beneficial mutation]
 13736 | Lair:5   | Noticed a death yak
 13736 | Lair:5   | Noticed a death yak
 13737 | Lair:5   | Noticed a death yak
 13755 | Lair:5   | Killed a death yak
 13762 | Lair:5   | Killed a death yak
 13762 | Lair:5   | Reached skill level 5 in Armour
 13762 | Lair:5   | Reached skill level 5 in Shields
 13762 | Lair:5   | Reached XP level 13. HP: 75/88 MP: 13/13
 13795 | Lair:5   | Found a staircase to the Slime Pits.
 13795 | Lair:5   | Found a viscous altar of Jiyva.
 13799 | Lair:5   | Noticed Kirke
 13915 | Lair:5   | Killed Kirke
 14266 | Lair:5   | Reached skill level 14 in Fighting
 14615 | Lair:6   | Entered Level 6 of the Lair of Beasts
 14875 | Lair:6   | Identified a scroll of acquirement
 14879 | Lair:6   | Got a crude hat
 14885 | Lair:6   | Identified the +1 hat "Sauz Anu" {rC++ Str-5} (You acquired it on level 6 of the Lair of Beasts)
 14887 | Lair:6   | Noticed Rupert
 14914 | Lair:6   | Killed Rupert
 14989 | Lair:6   | Noticed Josephine
 15000 | Lair:6   | Killed Josephine
 15131 | Lair:6   | Reached ***** piety under Trog
 15131 | Lair:6   | Gained mutation: Your large and strong wings let you fly indefinitely. [Gargoyle growth]
 15131 | Lair:6   | Reached XP level 14. HP: 53/96 MP: 14/14
 15332 | Lair:6   | Reached skill level 15 in Fighting
 16773 | D:11     | Noticed Maurice
 16788 | D:11     | Killed Maurice
 17035 | D:11     | Reached skill level 10 in Shields
 17155 | D:11     | Reached skill level 10 in Armour
 17441 | D:11     | Found a staircase to the Orcish Mines.
 17928 | D:12     | Reached ****** piety under Trog
 18465 | D:13     | Noticed Erolcha
 18474 | D:13     | Killed Erolcha
 19489 | D:14     | Reached XP level 15. HP: 56/104 MP: 15/15
 19491 | D:14     | Reached skill level 16 in Fighting
 20307 | D:14     | You fall through a shaft!
 20307 | D:15     | Entered Level 15 of the Dungeon
 20358 | D:15     | Found Zischoti's Jewellery Shop.
 20564 | D:14     | Found a gate to the Vaults.
 20765 | D:14     | Received a gift from Trog
 20768 | D:14     | Got an ichor-stained demon blade {god gift}
 20769 | D:14     | Identified the +1 demon blade of Sigemp {elec, -Tele +Inv MR+} (Trog gifted it to you on level 14 of the Dungeon)
 20818 | D:14     | Found a glowing golden altar of the Shining One.
 22017 | D:15     | Found a staircase to the Depths.
 22200 | Orc:1    | Entered Level 1 of the Orcish Mines
 22279 | Orc:1    | Found a roughly hewn altar of Beogh.
 22414 | Orc:1    | Reached skill level 17 in Fighting
 22548 | Orc:1    | Noticed an orc warlord
 22597 | Orc:1    | Killed an orc warlord
 22844 | Orc:2    | Entered Level 2 of the Orcish Mines
 22912 | Orc:2    | Reached XP level 16. HP: 102/112 MP: 16/16
 22913 | Orc:2    | Received a gift from Trog
 22980 | Orc:2    | Found a staircase to the Elven Halls.
 22985 | Orc:2    | Found Obotain's Weapon Boutique.
 23360 | Orc:2    | Received a gift from Trog
 24477 | Orc:2    | Found Diodayny's General Store.
 24478 | Orc:2    | Found Ecweor's Jewellery Boutique.
 24479 | Orc:2    | Found Kiseniu's Antique Armour Shop.
 24479 | Orc:2    | Found Xinoiv Kyne's Antique Weapon Shop.
 24493 | Orc:2    | Bought a scroll of enchant armour for 105 gold pieces
 24493 | Orc:2    | Bought a potion of curing for 42 gold pieces
 24979 | Snake:1  | Entered Level 1 of the Snake Pit
 25418 | Snake:1  | Found Jaegh's Antique Weapon Emporium.
 25418 | Snake:1  | Found Jeomuota's Assorted Antiques.
 25419 | Snake:1  | Found Maymeymu's Assorted Antiques.
 25422 | Snake:1  | Found Cypue's General Store.
 25435 | Snake:1  | Bought a scroll labeled HAPROH OKHOCU for 31 gold pieces
 25435 | Snake:1  | Bought a potion of might for 124 gold pieces
 25438 | Snake:1  | Bought a scroll of identify for 52 gold pieces
 25438 | Snake:1  | Bought a potion of curing for 78 gold pieces
 25438 | Snake:1  | Bought a potion of might for 104 gold pieces
 25438 | Snake:1  | Bought a sack of spiders for 520 gold pieces
 25447 | Snake:1  | Bought a potion of heal wounds for 70 gold pieces
 26643 | Snake:2  | Received a gift from Trog
 26643 | Snake:2  | Reached skill level 18 in Fighting
 26849 | Snake:2  | Got a twisted buckler
 26860 | Snake:2  | Identified the +0 buckler "Noucigh" {rC+ Int+2 Dex+3 Slay+3} (You acquired it on level 2 of the Snake Pit)
 27197 | Snake:2  | Found Neptodur's Antique Weapon Emporium.
 27983 | Snake:3  | Reached XP level 17. HP: 93/120 MP: 5/17
 28422 | Snake:4  | Entered Level 4 of the Snake Pit
 28623 | Snake:4  | Received a gift from Trog
 28702 | Snake:4  | Reached skill level 15 in Shields
 28765 | Snake:4  | HP: 4/120 [something (8)]
 29420 | Snake:4  | Reached skill level 19 in Fighting
 29433 | Snake:4  | Reached skill level 15 in Armour
 29588 | Snake:4  | Received a gift from Trog
 29659 | Snake:4  | Reached XP level 18. HP: 42/128 MP: 6/18
 30643 | Snake:4  | Got a serpentine rune of Zot
 30761 | Snake:4  | Received a gift from Trog
 30852 | Snake:4  | Got a pair of faintly glowing boots
 30854 | Snake:4  | Identified the +1 pair of boots "Peukhlan" {Str+2 Stlth+} (You found it on level 4 of the Snake Pit)
 30938 | Snake:4  | Got a pair of distressingly furry boots
 30939 | Snake:4  | Identified the +0 pair of boots of Nuiph {rElec rF+ Str+3 Dex+2} (You found it on level 4 of the Snake Pit)
 31464 | Swamp:1  | Entered Level 1 of the Swamp
 32105 | Swamp:1  | Received a gift from Trog
 32435 | Swamp:2  | Noticed Thomus's ghost (adept HOFi)
 32480 | Swamp:2  | Killed Thomus's ghost
 32536 | Swamp:2  | Noticed Frances
 32546 | Swamp:2  | Killed Frances
 32546 | Swamp:2  | Reached skill level 20 in Fighting
 32630 | Swamp:2  | Identified a -1 rod of ignition (13/13) (You found it on level 2 of the Swamp)
 32797 | Swamp:2  | Got a pitted zirconium amulet
 32805 | Swamp:2  | Identified the amulet "Isempos" {Harm *Drain rPois rF+ rN+ Stlth+} (You found it on level 2 of the Swamp)
 33798 | Swamp:4  | Entered Level 4 of the Swamp
 33815 | Swamp:4  | Received a gift from Trog
 33815 | Swamp:4  | Reached XP level 19. HP: 112/135 MP: 6/19
 35053 | Swamp:4  | Got a decaying rune of Zot
 35646 | Vaults:1 | Entered Level 1 of the Vaults
 35661 | Vaults:1 | Received a gift from Trog
 36607 | Vaults:1 | Received a gift from Trog
 36785 | Vaults:1 | Reached skill level 21 in Fighting
 37118 | Vaults:1 | Reached XP level 20. HP: 91/144 MP: 6/20
 37327 | Vaults:1 | Received a gift from Trog
 37822 | Vaults:2 | Noticed Donald
 37830 | Vaults:2 | Killed Donald
 37845 | Vaults:2 | Found Baodighi's Jewellery Emporium.
 38477 | Vaults:2 | Killed from afar by an ogre mage

Skill      XL: |  1  2  3  4  5  6  7  8  9 10 11 12 13 14 15 16 17 18 19 20 |
---------------+-------------------------------------------------------------+-----
Maces & Flails | 3 4 5 6 7 9 11 13 14 16 | 16.1
Fighting       | 4 5 6 7 9 10 12 13 14 15 17 18 19 20 21 | 21.3
Shields        | 5 8 10 12 14 15 16 18 | 18.5
Armour         | 5 8 10 12 13 15 16 17 18 | 18.2

Action                   |  1- 3 |  4- 6 |  7- 9 | 10-12 | 13-15 | 16-18 | 19-21 || total
-------------------------+-------+-------+-------+-------+-------+-------+-------++-------
Melee: Flail             |   135 |   185 |   437 |   451 |       |       |       ||  1208
       Eveningstar       |       |       |       |   533 |  1450 |   600 |       ||  2583
       Demon whip        |       |       |       |       |       |  1651 |  1136 ||  2787
Invok: Berserk           |       |     2 |     4 |     5 |     6 |     5 |     1 ||    23
       Trog's Hand       |       |       |       |     7 |    11 |    19 |     7 ||    44
       Burn Spellbooks   |       |       |       |       |     5 |     1 |     1 ||     7
       Brothers in Arms  |       |       |       |       |       |     1 |       ||     1
 Abil: Fly               |       |       |       |       |     1 |       |       ||     1
Evoke: Wand              |       |       |       |       |     3 |       |       ||     3
  Use: Scroll            |       |       |    17 |    18 |     8 |    19 |     2 ||    64
       Potion            |       |       |       |     4 |       |     2 |       ||     6
 Stab: Sleeping          |       |       |     2 |     1 |       |       |       ||     3
       Petrified         |       |       |       |       |     4 |       |       ||     4
       Petrifying        |       |       |       |       |     1 |       |       ||     1
       Confused          |       |       |       |       |       |     1 |       ||     1
  Eat: Chunk             |       |     7 |    34 |    37 |    33 |    37 |    17 ||   165
       Fruit             |       |       |     2 |       |       |     8 |       ||    10
       Pizza             |       |       |       |       |       |     4 |       ||     4
Armor: Scale mail        |   105 |   100 |    68 |       |       |       |       ||   273
       Ring mail         |       |       |   179 |   302 |       |       |       ||   481
       Plate armour      |       |       |       |   345 |   899 |  1106 |   567 ||  2917
Dodge: Dodged            |    75 |    63 |   120 |   204 |   270 |   359 |   213 ||  1304
Block: Shield            |    83 |    82 |   210 |   421 |   842 |   432 |       ||  2070
       Reflection        |       |       |       |       |    20 |    78 |     4 ||   102
       Buckler           |       |       |       |       |       |   567 |   395 ||   962
